 Dungeon Crawl Stone Soup version 0.26.0-10-g1f06aea511 (webtiles) character file.

Game seed: 8923726062879802260

5453 Borgoz the Carver (level 10, -16/64 HPs)
             Began as a Gargoyle Berserker on Jan 18, 2021.
             Was an Elder of Trog.
             Demolished by a shadow (30 damage)
             ... on level 9 of the Dungeon.
             The game lasted 00:14:34 (10415 turns).

Borgoz the Carver (Gargoyle Berserker)             Turns: 10415, Time: 00:14:34

Health: -16/64     AC: 19    Str: 21    XL:     10   Next: 68%
Magic:  0/10       EV: 11    Int:  4    God:    Trog [****..]
Gold:   638        SH: 21    Dex: 12    Spells: 9/9 levels left

rFire    + . .     SeeInvis .   a - +1 falchion
rCold    + . .     Faith    .   z - +10 tower shield of Ignorance {rN+ Int-4}
rNeg     + + .     Spirit   +   v - +2 steam dragon scales
rPois    ∞         Reflect  .   (no helmet)
rElec    +         Harm     +   B - scarf {harm}
rCorr    .         Rampage  .   A - +2 pair of gloves
Will     .....                  (no boots)
Stlth    +.........             o - amulet of guardian spirit
HPRegen  0.20/turn              y - ring of protection from fire
MPRegen  0.12/turn              w - ring of protection from cold

@: berserk cooldown, slowed, very slow
A: negative energy resistance 1, electricity resistance, unbreathing,
petrification resistance, miasma immunity, AC +7
a: Renounce Religion, Berserk, Trog's Hand, Brothers in Arms


You were on level 9 of the Dungeon.
You worshipped Trog.
Trog was greatly pleased with you.
You visited 1 branch of the dungeon, and saw 10 of its levels.
You also visited: Bailey.

You collected 638 gold pieces.

Inventory:

Hand Weapons
 a - a +1 falchion (weapon)
Armour
 v - +2 steam dragon scales (worn)
 z - the +10 tower shield of Ignorance (worn) {rN+ Int-4}
   (You found it on level 6 of the Dungeon)

   It affects your intelligence (-4).
   It protects you from negative energy.
 A - a +2 pair of gloves (worn)
 B - a scarf of harm (worn)
Jewellery
 o - an amulet of guardian spirit (around neck)
 w - a ring of protection from cold (right hand)
 y - a ring of protection from fire (left hand)
Wands
 h - a wand of iceblast (11)
 i - a wand of flame (11)
 q - a wand of digging (5)
Scrolls
 c - 4 scrolls of teleportation
 d - 3 scrolls of fear
 j - 3 scrolls of remove curse
 t - a scroll of identify
Potions
 b - 3 potions of invisibility
 e - 2 potions of haste
 f - 3 potions of flight
 g - a potion of attraction {unknown}
 k - a potion of experience {unknown}
 l - 4 potions of lignification {unknown}
 m - 2 potions of ambrosia
 n - a potion of berserk rage
 p - 2 potions of mutation {unknown}
 r - 7 potions of curing {unknown}
 s - 2 potions of resistance {unknown}
 u - a potion of brilliance {unknown}


   Skills:
 + Level 7.7 Fighting
 * Level 8.8 Long Blades
 + Level 7.1 Armour
 * Level 7.8 Dodging


You had 9 spell levels left.
You didn't know any spells.
Your spell library was empty.

Dungeon Overview and Level Annotations

Branches:
Dungeon (10/15)            Temple (0/1) D:6          Bailey (visited)
   Lair: D:8-11         Orc: D:9-12

Altars:
Cheibriados
Dithmenos
Elyvilon
Ru
Xom

Shops:
D:7 !   D:9 [


Innate Abilities, Weirdness & Mutations

You are resistant to torment.
Your stone body is resilient. (AC +7)
You are immune to poison.
You resist negative energy. (rN+)
You are resistant to electric shocks. (rElec)
You can survive without breathing.
You are immune to petrification.
You are immune to miasma.


Message History

There are monsters nearby!
You hit the shadow.
The shadow is lightly damaged.
You block the shadow's attack. The yak barely misses you.
You riposte.
You hit the yak.
The yak is lightly wounded.
You hit the shadow.
The shadow is moderately damaged.
You are no longer berserk.
You are exhausted.
You feel yourself slow down. The yak gores you.
* * * LOW HITPOINT WARNING * * *
The shadow slips into darkness.
The shadow flickers and vanishes!
Deactivating autopickup; reactivate with Ctrl-A.
The yak barely misses you.
You riposte.
You hit the yak.
The yak is lightly wounded.
You hit something. You block the yak's attack.
The shadow strikes at you from the darkness!
You die...

######....#....#..#...........##.
.....#...##....#..#...........###
###8###..##....'..#..............
.....'....#....#..#..............
#8####....#....#..#...........##.
.....######....#..#......#######.
#######..##....#..#......##...##.
#....[.<....#..#..............
#....)[)....#@Y#...........##.
#......[....#Y{#...........###
#...........#..#............#
#####....##....#..#......##...##
...########....#..#......######
.........#.....#..#.......#
.........#.....#..#.......#
...##....#.....#..#.......#
########'##....#..#......##


You could see 2 yaks.

Vanquished Creatures
  Grinder (D:4)
  Sigmund (D:5)
  5 yaks (D:10)
  A steam dragon (D:8)
  Menkaure (D:5)
  Edmund (D:5)
  7 orc warriors
  3 ice beasts
  A phantom (D:6)
  A necrophage (D:7)
  3 black bears
  2 ogres (D:4)
  5 sky beasts
  A centaur (D:6)
  2 bullfrogs
  A scorpion (D:4)
  3 killer bees (D:7)
  7 electric eels (D:8)
  A bullfrog zombie (D:7)
  7 hounds
  7 orc priests
  A jelly (D:7)
  8 orc wizards
  2 centaur skeletons
  Jessica (D:3)
  A bullfrog skeleton (D:6)
  An iguana (D:4)
  Terence (D:3)
  7 worker ants
  A hound zombie (D:8)
  2 worker ant zombies
  A howler monkey zombie (D:7)
  A gnoll (D:1)
  9 adders
  A river rat (D:6)
  3 white imps
  An ufetubus (D:10)
  An ooze (D:2)
  An adder skeleton (D:4)
  3 worms
  2 dart slugs
  10 leopard geckos
  47 orcs
  6 giant cockroaches
  16 goblins
  4 hobgoblins
  6 jackals
  4 kobolds
  8 quokkas
  A ball python (D:4)
  7 bats
  3 frilled lizards
  A hobgoblin skeleton (D:10)
  A hobgoblin zombie (D:10)
  2 orc zombies (D:10)
  10 rats
235 creatures vanquished.

Vanquished Creatures (others)
  An electric eel (D:8)
  An orc (D:8)
  2 quokkas
  8 plants (D:8)
12 creatures vanquished.

Grand Total: 247 creatures vanquished

Notes
Turn   | Place    | Note
-------+----------+-------------------------------------------
     0 | D:1      | Borgoz the Gargoyle Berserker began the quest for the Orb.
     0 | D:1      | Reached XP level 1. HP: 14/14 MP: 1/1
   325 | D:1      | Reached XP level 2. HP: 5/19 MP: 2/2
   741 | D:1      | Reached skill level 3 in Long Blades
   849 | D:1      | Reached XP level 3. HP: 19/23 MP: 3/3
  1197 | D:1      | Reached ** piety under Trog
  1542 | D:2      | Reached XP level 4. HP: 8/29 MP: 4/4
  2183 | D:3      | Found a white marble altar of Elyvilon.
  2573 | D:3      | Reached XP level 5. HP: 32/33 MP: 5/5
  2775 | D:3      | Noticed Jessica
  2779 | D:3      | Killed Jessica
  2780 | D:3      | Reached skill level 4 in Long Blades
  3007 | D:3      | Noticed Terence
  3017 | D:3      | Killed Terence
  3018 | D:3      | Reached XP level 6. HP: 38/38 MP: 3/6
  3097 | D:3      | Reached *** piety under Trog
  3467 | D:4      | Reached XP level 7. HP: 36/44 MP: 5/7
  3842 | D:4      | Noticed Grinder
  3858 | D:4      | Killed Grinder
  3859 | D:4      | Reached skill level 5 in Long Blades
  4048 | D:4      | Reached skill level 5 in Fighting
  4257 | D:5      | Entered Level 5 of the Dungeon
  4288 | D:5      | Noticed Edmund
  4301 | D:5      | Killed Edmund
  4302 | D:5      | Reached XP level 8. HP: 49/49 MP: 8/8
  4339 | D:5      | Found a sacrificial altar of Ru.
  4448 | D:5      | Noticed Menkaure
  4460 | D:5      | Killed Menkaure
  4677 | D:5      | Noticed Sigmund
  4684 | D:5      | Killed Sigmund
  4685 | D:5      | Reached skill level 6 in Long Blades
  4685 | D:5      | Reached skill level 5 in Dodging
  4795 | D:5      | Reached skill level 5 in Armour
  5439 | D:6      | Reached **** piety under Trog
  5447 | D:6      | Reached XP level 9. HP: 39/55 MP: 7/9
  5833 | D:6      | Found a white marble altar of Elyvilon.
  5975 | D:6      | Reached skill level 7 in Long Blades
  6008 | D:6      | Found the +10 tower shield of Ignorance {rN+ Int-4}
  6084 | D:6      | Found a staircase to the Ecumenical Temple.
  6470 | D:7      | Found a shimmering altar of Xom.
  6495 | D:7      | Found a snail-covered altar of Cheibriados.
  6687 | D:7      | Found a shimmering altar of Xom.
  6687 | D:7      | Found a shimmering altar of Xom.
  6688 | D:7      | Found a shimmering altar of Xom.
  6809 | D:7      | Found a shadowy altar of Dithmenos.
  6810 | D:7      | Found a shimmering altar of Xom.
  6953 | D:7      | Reached ***** piety under Trog
  7008 | D:7      | Found Vuewk's Distillery.
  7968 | D:8      | Reached XP level 10. HP: 19/61 MP: 3/10
  8003 | D:8      | Reached skill level 8 in Long Blades
  8733 | D:9      | Found Diqecut's Antique Armour Shoppe.
  8845 | D:9      | Found a flagged portal.
  8955 | Bailey   | Entered a bailey
  9251 | Bailey   | Got a slimy lapis lazuli ring
  9253 | Bailey   | Got a pair of distressingly furry boots
  9262 | Bailey   | Identified the cursed -4 pair of boots of the Evil One
                  | {+Fly rElec rN+} (You found it in a bailey)
  9273 | Bailey   | Identified the ring of Koluer {rN+ Stlth-} (You found it in
                  | a bailey)
 10305 | D:10     | Entered Level 10 of the Dungeon
 10415 | D:9      | Demolished by a shadow

Illustrated notes

Levels and vault maps discovered:
D:1:      dpeg_arrival_three_same_balls, layout_loops_ring, serial_park_tiny_2
D:2:      layout_loops_ring
D:3:      layout_basic, chequers_serial_rivers_micro_b, minmay_misc_feat_rows,
          roderic_serpentine_path, elyvilon_altar_4, uniq_terence, uniq_jessica
D:4:      wander_river, layout_gridville, uniq_grinder
D:5:      layout_basic, basic_altar, kennysheep_generic_room_13, uniq_menkaure,
          uniq_sigmund, uniq_edmund
D:6:      layout_basic, minmay_temple_entry_crystal_x, basic_altar,
          gup_sewer_entry_spiral
D:7:      layout_cave_pools, kennysheep_little_box, grunt_temple_overflow_open,
          serial_shops, shop, xom_redecorated
D:8:      layout_rooms, nicolae_overflow_hidden_temple, serial_bayou,
          serial_bayou_lagoon_b, serial_bayou_shore_a, serial_bayou_shore_b,
          serial_bayou_pond_e
D:9:      layout_gridville, serial_shops, nicolae_shop_stone, enter_bailey_8,
          kennysheep_generic_room_2
D:10:     layout_rooms, erik_lair_orcish_takeover, zombieorc2_lemuel

Skill      XL: |  1  2  3  4  5  6  7  8  9 10 |
---------------+-------------------------------+-----
Long Blades    | 3 4 5 6 7 8 |  8.8
Dodging        | 2 3 4 5 6 7 |  7.8
Fighting       | 4 5 6 7 |  7.7
Armour         | 3 4 5 6 7 |  7.1

Action                   |  1- 3 |  4- 6 |  7- 9 | 10-12 || total
-------------------------+-------+-------+-------+-------++-------
Melee: Falchion          |   108 |   167 |   636 |   329 ||  1240
Invok: Berserk           |     2 |     2 |    10 |     3 ||    17
       Trog's Hand       |     1 |       |       |       ||     1
Evoke: Wand              |       |       |       |    23 ||    23
  Use: Scroll            |     3 |     4 |     8 |     2 ||    17
       Potion            |       |       |       |     3 ||     3
Armor: Animal skin       |    31 |       |       |       ||    31
       Ring mail         |    18 |    45 |   223 |    45 ||   331
       Steam dragon scal |       |       |       |    53 ||    53
Dodge: Dodged            |    77 |   116 |   288 |    89 ||   570
Block: Tower shield      |       |       |   299 |   326 ||   625
       Rpst.: Falchion   |    21 |    38 |    78 |    21 ||   158
